 Dungeon Crawl Stone Soup version 0.24-a0-252-g5076262 (webtiles) character file.

Game seed: 12663827365643137681

113 Borgoz the Cutter (level 5, -1/49 HPs)
             Began as a Kobold Berserker on Apr 17, 2019.
             Was a Believer of Trog.
             Slain by an orc
             ... wielding a +0 mace
              (8 damage)
             ... on level 4 of the Dungeon.
             The game lasted 00:02:54 (3665 turns).

Borgoz the Cutter (Kobold Berserker)                Turns: 3665, Time: 00:02:55

Health: -1/49      AC:  2    Str: 19    XL:     5   Next: 17%
Magic:  5/5        EV: 14    Int:  8    God:    Trog [**....]
Gold:   165        SH:  0    Dex: 16    Spells: 4/4 levels left

rFire    . . .     SeeInvis .   a - +2 short sword (drain)
rCold    . . .     Gourm    .   (shield restricted)
rNeg     . . .     Faith    .   d - +0 animal skin
rPois    .         Spirit   .   (no helmet)
rElec    .         Reflect  .   (no cloak)
rCorr    .         Harm     .   (no gloves)
MR       .....                  (no boots)
Stlth    ..........             (no amulet)
HPRegen  0.16/turn              (no ring)
MPRegen  0.09/turn              (no ring)

@: berserking, heavily drained, very quick
A: small, carnivore
a: Berserk, Trog's Hand, Renounce Religion


You were on level 4 of the Dungeon.
You worshipped Trog.
Trog was pleased with you.
You were very full.

You visited 1 branch of the dungeon, and saw 4 of its levels.

You collected 165 gold pieces.

Inventory:

Hand Weapons
 a - a +2 short sword of draining (weapon)
 b - a +4 dagger of holy wrath
 n - a +0 rapier
Armour
 d - a +0 animal skin (worn)
Jewellery
 p - an uncursed amulet of the acrobat {unknown}
 q - a cursed ring of teleportation {unknown}
Scrolls
 e - 5 scrolls of teleportation {unknown}
 f - 5 scrolls of identify {unknown}
 j - a scroll of random uselessness {unknown}
 k - a scroll of remove curse {unknown}
 m - a scroll of immolation {unknown}
Potions
 g - 2 potions of curing {unknown}
 h - 3 potions of heal wounds {unknown}
 i - 2 potions of agility {unknown}
 l - a potion of mutation {unknown}
 o - 2 potions of invisibility {unknown}
Comestibles
 c - 8 rations


   Skills:
 + Level 4.2(2.3) Fighting
 + Level 5.3(3.4) Short Blades
 + Level 1.7(0.0) Armour
 + Level 3.6(1.7) Dodging
 + Level 1.2(0.0) Stealth


You had 4 spell levels left.
You didn't know any spells.
Your spell library was empty.

Dungeon Overview and Level Annotations

Branches:
Dungeon (4/15)
 Temple: D:4-7

Altars:
Uskayaw
Yredelemnul
Zin


Innate Abilities, Weirdness & Mutations

You are small and have problems with some larger weapons.
You are carnivorous and can eat meat at any time.


Message History

The scorpion stings you! The orc hits you with a +0 mace.
You are too injured to fight recklessly!
You are too injured to fight recklessly!
You are too injured to fight recklessly!
Okay, then.
A red film seems to cover your vision as you go berserk!
You feel yourself moving faster!
You feel mighty! The scorpion completely misses you.
The orc hits you with a +0 mace.
* * * LOW HITPOINT WARNING * * *
You closely miss the scorpion. The scorpion stings you.
* * * LOW HITPOINT WARNING * * *
You puncture the scorpion!
The scorpion is heavily wounded.
The orc closely misses you.
You puncture the scorpion!
The scorpion is almost dead.
The scorpion stings you.
* * * LOW HITPOINT WARNING * * *
You barely miss the orc. The orc hits you with a +0 mace!
You die...

............###..###....
#.##.##......##...##....
..#..##.................
......###...............
#.....##.....<..........
.......!.......(........
.###...................
##...#............#..
#..s@...#........##..
.......o†...............
............#.#...#.#..#
.................####..#
..................#.....
..............#....<....
.........##...#...###...
...##.......####.## ..
.... ...# .


You could see a scorpion and an orc.

Vanquished Creatures
  Terence (D:3)
  A hound skeleton (D:3)
  2 worms
  2 dart slugs
  3 leopard geckos
  9 bats
  A giant cockroach (D:2)
  8 goblins
  5 hobgoblins
  4 jackals
  8 kobolds
  A quokka (D:4)
  8 frilled lizards
  10 rats
63 creatures vanquished.

Notes
Turn   | Place    | Note
-------+----------+-------------------------------------------
     0 | D:1      | Borgoz the Kobold Berserker began the quest for the Orb.
     0 | D:1      | Reached XP level 1. HP: 14/14 MP: 1/1
   269 | D:1      | Reached XP level 2. HP: 19/19 MP: 2/2
   890 | D:1      | Reached XP level 3. HP: 21/24 MP: 3/3
  1978 | D:2      | Reached ** piety under Trog
  2207 | D:2      | Found a glowing silver altar of Zin.
  2207 | D:2      | Noticed an angel
  2765 | D:3      | Reached XP level 4. HP: 22/29 MP: 4/4
  2939 | D:3      | Reached skill level 1 in Stealth
  2997 | D:3      | Reached skill level 5 in Short Blades
  3029 | D:3      | Found a basalt altar of Yredelemnul.
  3161 | D:3      | Noticed Terence
  3177 | D:3      | Killed Terence
  3177 | D:3      | Reached XP level 5. HP: 15/33 MP: 5/5
  3374 | D:3      | Found a hide-covered altar of Uskayaw.
  3665 | D:4      | Slain by an orc

Levels and vault maps discovered:
D:1:      elethiomel_arrival_maze, layout_basic, minmay_tiny_reverse_x
D:2:      layout_basic, zin_angel
D:3:      layout_loops_ring, lemuel_coloured_pillars_altar, lemuel_doored_altar,
          first_ration, uniq_terence
D:4:      layout_cave_pools, nicolae_overflow_crystal_walls

Skill      XL: |  1  2  3  4 |
---------------+-------------+-----
Fighting       | 4 |  4.2
Dodging        | 3 |  3.6
Stealth        | 1 |  1.2
Short Blades   | 5 |  5.3
Armour         | |  1.7

Action                   |  1- 3 |  4- 6 || total
-------------------------+-------+-------++-------
Melee: Short sword       |   129 |    17 ||   146
       Rapier            |    13 |    69 ||    82
Invok: Berserk           |     1 |     1 ||     2
       Trog's Hand       |     1 |       ||     1
 Stab: Sleeping          |     1 |     2 ||     3
       Distracted        |       |     1 ||     1
  Eat: Chunk             |    15 |     3 ||    18
Armor: Animal skin       |    21 |     7 ||    28
Dodge: Dodged            |   122 |    52 ||   174

Table legend:
 A = Non-vault XP
 B = Vault XP
 C = Vault XP percentage of total XP
 D = Non-vault monster count
 E = Vault monster count
 F = Vault count percentage of total count
                 A         B        C        D         E       F
            +---------+---------+-------+---------+---------+-------
      Total |     123 |      39 |  24.1 |      60 |       3 |   4.8
            +---------+---------+-------+---------+---------+-------
        D:1 |      35 |       3 |   7.9 |      19 |       2 |   9.5
        D:2 |      23 |       0 |   0.0 |      15 |       0 |   0.0
        D:3 |      58 |      36 |  38.3 |      24 |       1 |   4.0
        D:4 |       7 |       0 |   0.0 |       2 |       0 |   0.0
            +---------+---------+-------+---------+---------+-------
